 Dungeon Crawl Stone Soup version 0.28.0-53-g5a82cb258f (webtiles) character file.

Game seed: 10176793130847583858

160 gobodom the Chopper (level 5, 0/39 HPs)
             Began as a Demonspawn Gladiator on June 25, 2022.
             Killed by divine providence
             ... invoked by an orc priest
              (12 damage)
             ... on level 3 of the Dungeon.
             The game lasted 00:08:33 (2771 turns).

gobodom the Chopper (Demonspawn Gladiator)          Turns: 2771, Time: 00:08:34

Health: 0/39       AC:  5    Str: 21    XL:     5   Next: 17%
Magic:  4/4        EV: 12    Int: 11    God:
Gold:   149        SH:  5    Dex: 14    Spells: 4/4 levels left

rFire   . . .      SeeInvis +   j - +2 short sword (vamp)
rCold   . . .      Faith    .   (no shield)
rNeg    . . .      Spirit   .   b - +0 leather armour
rPois   .          Reflect  +   (helmet restricted)
rElec   .          Harm     .   (no cloak)
rCorr   .          Rampage  .   (no gloves)
Will    .....                   (no boots)
Stlth   +.........              g - amulet of reflection
HPRegen 0.13/turn               h - +6 ring of strength
MPRegen 0.09/turn               l - ring of see invisible

@: no status effects
A: antennae 1, hooves 1, powered by pain 1, iridescent scales 1, low MP 1
a: no special abilities


You were on level 3 of the Dungeon.
You visited 1 branch of the dungeon, and saw 3 of its levels.

You collected 149 gold pieces.

Inventory:

Hand Weapons
 a - a +0 war axe
 j - a +2 vampiric short sword (weapon)
 p - a +2 dagger of venom
Missiles
 d - 3 throwing nets
 k - 2 boomerangs (quivered)
Armour
 b - a +0 leather armour (worn)
 c - a +0 helmet
Jewellery
 e - an amulet of magic regeneration
 g - an amulet of reflection (around neck)
 h - a +6 ring of strength (left hand)
 l - a ring of see invisible (right hand)
Scrolls
 f - 2 scrolls of enchant armour {unknown}
 i - a scroll of vulnerability {unknown}
 n - a scroll of silence {unknown}
Potions
 m - 2 potions of curing
 o - a potion of mutation


   Skills:
 + Level 2.5 Fighting
 + Level 1.0 Short Blades
 + Level 3.6 Axes
 + Level 2.1 Throwing
 + Level 1.5 Armour
 + Level 3.2 Dodging
 + Level 0.8 Stealth
 + Level 0.8 Shields


You had 4 spell levels left.
You didn't know any spells.
Your spell library was empty.

Dungeon Overview and Level Annotations

Branches:
Dungeon (3/15)

Altars:


Innate Abilities, Weirdness & Mutations

You have a pair of small antennae on your head.
You have large cloven feet.
You sometimes gain a little power by taking damage.
You are partially covered in iridescent scales. (AC +2)
Your magical capacity is low. (-10% MP)


Message History

The orc wizard hits you with a +0 dagger.
* * * LOW HITPOINT WARNING * * *
You hit the orc wizard.
You feel better.
The orc wizard is moderately wounded.
The orc hits you but does no damage.
The orc priest miscasts a cantrip.
The orc wizard barely misses you.
You miss the orc wizard. You kick the orc wizard.
The orc wizard is heavily wounded.
The orc misses you.
The orc priest hits you but does no damage.
The orc wizard barely misses you.
You closely miss the orc wizard.
The orc wizard is heavily wounded.
You block the orc's attack.
The orc priest begins to cast a cantrip, but forgets the words!
The orc wizard points at you and mumbles some strange words.
You are confused.
The orc hits you but does no damage. The orc wizard completely misses you.
You hit the orc wizard.
You kick the orc wizard, but do no damage.
The orc wizard is severely wounded.
The orc priest hits you with a +0 club.
* * * LOW HITPOINT WARNING * * *
The orc wizard hits you with a +0 dagger.
* * * LOW HITPOINT WARNING * * *
It was a potion of curing.
You feel better. The orc priest hits you with a +0 club.
The orc wizard hits you but does no damage.
It was a potion of mutation.
You feel extremely strange.
Iridescent scales grow over part of your body.
You feel less energetic.
The orc wizard hits you with a +0 dagger.
* * * LOW HITPOINT WARNING * * *
You hit the orc wizard.
You feel better.
You kick the orc wizard.
The orc wizard is almost dead.
The orc priest calls down the wrath of Beogh upon you.
Beogh smites you!
You die...

........##..........#.
....... #............
##'####.........###
#....#..........# # ......o
#....#.#...#'###### .......
#......##.##....... .......
#......##.......... ...).).
#......#...#....... ....o..
#o@....#........... .......
##oo...............
.......###...........###...
.............#.......##....
....###......#.#.....##....
. #.......#...###.......
#.......'...# #....#.#
#.......#...####...#..
##......#....###.#.#.#


You could see an orc priest, an orc wizard and an orc.

Vanquished Creatures
  Jessica (D:2)
  Robin (D:2)
  4 adders
  A worm (D:2)
  3 dart slugs
  5 orcs (D:3)
  2 endoplasms
  11 goblins
  7 hobgoblins
  4 jackals (D:2)
  5 kobolds
  3 quokkas
  10 ball pythons
  5 bats
  3 frilled lizards
  7 rats
72 creatures vanquished.

Notes
Turn   | Place    | Note
-------+----------+-------------------------------------------
     0 | D:1      | gobodom the Demonspawn Gladiator began the quest for the
                  | Orb.
     0 | D:1      | Reached XP level 1. HP: 16/16 MP: 1/1
   219 | D:1      | Found a faded altar of an unknown god.
   285 | D:1      | Discovered your monstrous ancestry.
   285 | D:1      | Gained mutation: You have large cloven feet. [demonic
                  | ancestry]
   285 | D:1      | Reached XP level 2. HP: 21/22 MP: 2/2
  1182 | D:2      | Gained mutation: You sometimes gain a little power by
                  | taking damage. [demonic ancestry]
  1182 | D:2      | Reached XP level 3. HP: 25/27 MP: 3/3
  1219 | D:2      | Noticed Robin
  1229 | D:2      | Killed Robin
  1244 | D:2      | Noticed Jessica
  1262 | D:2      | Killed Jessica
  1263 | D:2      | Reached skill level 1 in Armour
  1263 | D:2      | Reached XP level 4. HP: 34/34 MP: 4/4
  2021 | D:3      | Gained mutation: You have a pair of small antennae on your
                  | head. [demonic ancestry]
  2021 | D:3      | Reached XP level 5. HP: 27/39 MP: 5/5
  2691 | D:3      | Reached skill level 1 in Short Blades
  2770 | D:3      | Gained mutation: You are partially covered in iridescent
                  | scales. (AC +2) [potion of mutation]
  2770 | D:3      | Gained mutation: Your magical capacity is low. (-10% MP)
                  | [potion of mutation]
  2771 | D:3      | Killed from afar by an orc priest

Illustrated notes

Levels and vault maps discovered:
D:1:      lemuel_arrival_room, layout_rooms, hellmonk_ecumenical_altar_zigzags,
          st_stairs_12, minmay_tripent
D:2:      minmay_chambers_of_twos, layout_loops_ring, uniq_jessica, uniq_robin
D:3:      layout_basic, minmay_box_of_dots

Skill      XL: |  1  2  3  4  5 |
---------------+----------------+-----
Axes           | 3 |  3.6
Dodging        | 3 |  3.2
Armour         | 1 |  1.5
Throwing       | 2 |  2.1
Short Blades   | 1 |  1.0
Fighting       | |  2.5
Stealth        | |  0.8
Shields        | |  0.8

Action                   |  1- 3 |  4- 6 || total
-------------------------+-------+-------++-------
Melee: War axe           |    56 |       ||    56
       Kick              |    13 |    16 ||    29
       Short sword       |    38 |    70 ||   108
       Punch             |       |     2 ||     2
Throw: Boomerang         |       |    42 ||    42
  Use: Potion            |       |     2 ||     2
 Stab: Sleeping          |     1 |     1 ||     2
Armor: Leather armour    |    38 |    10 ||    48
Dodge: Dodged            |    72 |    42 ||   114
Block: Other             |    13 |    17 ||    30
